Match 45111711
Unlisted

Match 45111711
End
Construct Infanterie Kompanie
Selects Italian Coastal Battlegroup
Selects Coastal Reserves
Coastal Reserve
MG 42 Machine Gun Team
Coastal Reserve
GrW 34 Mortar Team
MG 42 Bunker
GrW 34 Mortar Team
Coastal Reserve
Construct Panzergrenadier Kompanie
Selects Support Bunkers
Selects Rapid Fortifications
Rapid Fortifications
Construct Panzer Kompanie
Coastal Reserve
Rapid Fortifications
Coastal Reserve
Stoßtruppen Squad
Pak 40 Anti-tank Gun Team
Selects Bulwark
Selects Artillery Officer
Rapid Fortifications
Anti-tank Bunker
Coastal Reserve
Rapid Fortifications
Anti-tank Bunker
Panzer IV Medium Tank
Selects Coastal Wall
Selects Coastal Wall
Rapid Fortifications
Pak 40 Anti-tank Gun Team
Anti-tank Bunker
Panzer IV Medium Tank
BravadoAndLackOfImagination
citizen_zero
ljodnster
bustling fungus
0
0

Comments sign in to comment!

No comments posted yet!